 Dungeon Crawl Stone Soup version 0.20.1-1-g8b1a95d66d (webtiles) character file.

448 Ivernyr the Bolt Thrower (level 6, -8/56 HPs)
             Began as a Deep Dwarf Hunter on Nov 26, 2017.
             Mangled by tensugalgo's ghost (12 damage)
             ... on level 4 of the Dungeon on Nov 27, 2017.
             The game lasted 00:16:30 (2848 turns).

Ivernyr the Bolt Thrower (Deep Dwarf Hunter)        Turns: 2848, Time: 00:16:31

Health: -8/56      AC: 10    Str: 17    XL:     6   Next: 73%
Magic:  5/5        EV:  8    Int: 12    God:
Gold:   112        SH:  0    Dex: 13    Spells: 2/5 levels left

rFire    . . .     SeeInvis .   a - +1 hand crossbow
rCold    . . .     Gourm    .   (no shield)
rNeg     . . .     Faith    .   c - +0 chain mail
rPois    .         Spirit   .   t - +0 helmet
rElec    .         Reflect  .   (no cloak)
rCorr    .         Harm     .   (no gloves)
MR       .....                  (no boots)
Stlth    ..........             (no amulet)
Regen    0.0/turn               l - ring of loudness (curse)
MPRegen  0.1/turn               (no ring)

@: non-regenerating
A: damage resistance, heal wounds, sense surroundings 1, no regeneration
a: Heal Wounds


You were on level 4 of the Dungeon.
You were not hungry.

You visited 1 branch of the dungeon, and saw 4 of its levels.

You collected 112 gold pieces.

Inventory:

Hand Weapons
 a - a +1 hand crossbow (weapon)
 b - a +0 short sword
Missiles
 d - 9 bolts (quivered)
Armour
 c - a +0 chain mail (worn)
 t - a +0 helmet (worn)
Jewellery
 l - a cursed ring of loudness (left hand)
Scrolls
 h - 3 scrolls of teleportation {unknown}
 j - 3 scrolls of identify {unknown}
 k - a scroll of magic mapping {unknown}
 p - 2 scrolls of enchant weapon {unknown}
 q - 2 scrolls of immolation {unknown}
 r - 3 scrolls of remove curse {unknown}
Potions
 e - a potion of cancellation {unknown}
 i - 4 potions of invisibility {unknown}
 m - a potion of magic {unknown}
 o - a potion of mutation {unknown}
 s - a potion of curing {unknown}
 u - a potion of heal wounds {unknown}
 w - a potion of flight {unknown}
 x - a potion of might {unknown}
 z - a potion of agility {unknown}
Books
 v - a book of Necromancy

   Spells                             Type                      Level
   a - Pain                           Necromancy                   1
   b - Animate Skeleton               Necromancy                   1
   c - Vampiric Draining              Necromancy                   3
   d - Regeneration                   Charms/Necromancy            3
   e - Animate Dead                   Necromancy                   4
   f - Control Undead                 Necromancy                   4
Comestibles
 f - 5 bread rations
 g - 3 meat rations
 n - a royal jelly


   Skills:
 - Level 3.4 Fighting
 * Level 7.0 Crossbows
 + Level 3.1 Armour
 - Level 3.0 Dodging
 - Level 1.2 Stealth
 + Level 0.0 Necromancy


You had 2 spell levels left.
You knew the following spells:

 Your Spells              Type           Power        Failure   Level  Hunger
a - Vampiric Draining     Necr           #.........   100%        3    ####...


Dungeon Overview and Level Annotations

Branches:
Dungeon (4/15)
 Temple: D:4-7

Altars:
Okawaru
Ru
Xom

Shops:
D:4 :

Annotations:
D:4 tensugalgo's ghost, amateur DrMo


Innate Abilities, Weirdness & Mutations

You are resistant to damage.
You can heal yourself by infusing magical energy.
You passively map a small area around you.
You do not regenerate.


Message History

You shoot a bolt.
The bolt hits tensugalgo's ghost but does no damage.
Tensugalgo's ghost is lightly damaged.
Tensugalgo's ghost hits you!
* * * LOW HITPOINT WARNING * * *
Firing (i - inventory):
d - 11 bolts (quivered)
Press: ? - help, Shift-Dir - straight line, f/p - tensugalgo's ghost
Aim: tensugalgo's ghost (lightly damaged)
You shoot a bolt.
The bolt closely misses tensugalgo's ghost.
Tensugalgo's ghost stares at you. Tensugalgo's ghost hits you!
* * * LOW HITPOINT WARNING * * *
Firing (i - inventory):
d - 10 bolts (quivered)
Press: ? - help, Shift-Dir - straight line, f/p - tensugalgo's ghost
Aim: tensugalgo's ghost (lightly damaged)
You shoot a bolt.
The bolt barely misses tensugalgo's ghost.
Tensugalgo's ghost hits you!
You die...

, *, ,.(.. * ,
.#..# , ...## ,
,.(.)## ., ,
#<...###.., #... ,
#..........# ##...
#W.........###....
, #@..#
.....##.....
,,##..#
#....#...... *
*#...#
##.......... * *
#...###[..........
**
#.....#...........
, ,
###..........#....
####...#........
####..##.[..... *
#....####......


You could see tensugalgo's ghost.

Vanquished Creatures
  An ogre (D:4)
  The ghost of Ivernyr the Vandal, an amateur HaHu (D:3)
  2 orc wizards
  An orc priest (D:4)
  Jessica (D:2)
  Robin (D:2)
  6 adders
  2 oozes (D:1)
  A worm (D:3)
  2 dart slugs
  4 leopard geckos
  6 orcs
  3 giant cockroaches
  16 goblins
  17 hobgoblins
  3 kobolds
  3 quokkas
  9 bats
  4 frilled lizards
  5 rats
  A plant (D:1)
89 creatures vanquished.

Notes
Turn   | Place    | Note
-------+----------+-------------------------------------------
     0 | D:1      | Ivernyr the Deep Dwarf Hunter began the quest for the Orb.
     0 | D:1      | Reached XP level 1. HP: 19/19 MP: 1/1
   135 | D:1      | Reached XP level 2. HP: 24/26 MP: 2/2
   587 | D:1      | Reached skill level 5 in Crossbows
   654 | D:1      | Reached XP level 3. HP: 27/32 MP: 3/3
   854 | D:2      | Noticed Jessica
   864 | D:2      | Killed Jessica
   917 | D:2      | Found an iron altar of Okawaru.
   957 | D:2      | Reached XP level 4. HP: 18/39 MP: 4/4
  1220 | D:2      | Noticed Robin
  1239 | D:2      | Reached skill level 1 in Armour
  1315 | D:2      | Killed Robin
  1742 | D:3      | Reached skill level 6 in Crossbows
  1742 | D:3      | Reached XP level 5. HP: 15/46 MP: 4/4
  1818 | D:3      | Noticed Ivernyr's ghost (amateur HaHu)
  1858 | D:3      | Killed Ivernyr's ghost
  2104 | D:3      | Found a shimmering altar of Xom.
  2105 | D:3      | Found a shimmering altar of Xom.
  2106 | D:3      | Found a shimmering altar of Xom.
  2106 | D:3      | Found a shimmering altar of Xom.
  2111 | D:3      | Reached XP level 6. HP: 30/56 MP: 5/5
  2439 | D:3      | Found a sacrificial altar of Ru.
  2721 | D:4      | Reached skill level 7 in Crossbows
  2779 | D:4      | Learned a level 3 spell: Vampiric Draining
  2809 | D:4      | Found Ujum's Book Emporium.
  2841 | D:4      | Noticed tensugalgo's ghost (amateur DrMo)
  2848 | D:4      | Mangled by tensugalgo's ghost

Skill      XL: |  1  2  3  4  5  6 |
---------------+-------------------+-----
Crossbows      | 5 6 7 |  7.0
Dodging        | 3 |  3.0
Fighting       | 2 3 |  3.4
Armour         | 1 2 3 |  3.1
Stealth        | |  1.2

Action                   |  1- 3 |  4- 6 || total
-------------------------+-------+-------++-------
Melee: Short sword       |   163 |   305 ||   468
 Fire: Hand crossbow     |     6 |    49 ||    55
 Abil: Heal Wounds       |       |     5 ||     5
  Eat: Chunk             |       |     7 ||     7
Armor: Leather armour    |     6 |       ||     6
       Chain mail        |    37 |   216 ||   253
Dodge: Dodged            |    34 |   181 ||   215
